[Event "Titled Tuesday Blitz June 27 Early 2023"]
[White "Droin, Augustin"]
[Black "Pap, Gyula"]
[WhiteFideId "45105987"]
[BlackFideId "725323"]
[WhiteElo "2529"]
[BlackElo "2926"]
[Result "0-1"]
[Round "6"]
[TimeControl "180+2"]
[Date "2023.06.27"]
[WhiteClock "0:00:02"]
[BlackClock "0:00:17"]
[Board "96"]

1. e4 e5 2. Nf3 Nc6 3. Bb5 a6 4. Ba4 Nge7 5. O-O Ng6 6. c3 d5 7. d4 dxe4 8. Bxc6+ bxc6 9. Nxe5 Nxe5 10. dxe5 Qxd1 11. Rxd1 Bc5 12. Be3 Bxe3 13. fxe3 Rb8 14. b3 Rb5 15. Nd2 Rxe5 16. Nc4 Rd5 17. Rd4 f5 18. Rad1 Be6 19. Nb2 Ke7 20. c4 Ra5 21. Na4 Rxa4 22. bxa4 c5 23. R4d2 Rb8 24. Kf2 Rb4 25. Rc1 g5 26. a3 Rxa4 27. Rc3 Bxc4 28. Rb2 Kd6 29. Rb8 Be6 30. Rd8+ Ke7 31. Rh8 c4 32. Rxh7+ Kd6 33. Rg7 g4 34. h4 gxh3 35. gxh3 Ra5 36. h4 f4 37. exf4 Rh5 38. Kg3 c6 39. Rg5 Rh7 40. h5 Bd5 41. Kf2 Rb7 42. h6 Rb2+ 43. Kg3 Rb1 44. Rh5 Rg1+ 45. Kf2 Rg8 46. h7 Rh8 47. Rg3 Kc5 48. Rg8 Rxh7 49. Rxh7 Bxg8 50. Re7 Kd4 51. f5 c3 52. Ke1 e3 53. Kd1 Kd3 54. f6 c2+ 55. Kc1 e2 56. a4 a5 57. Re5 Bd5 58. Re8 Be4 59. Rd8+ Ke3 0-1


[Site "https://www.chess.com"]

[Event "Titled Tuesday Blitz June 27 Early 2023"]
[White "Lavrik, Dmitry"]
[Black "tetrix83"]
[WhiteFideId "24113190"]
[WhiteElo "2697"]
[BlackElo "2520"]
[Result "1-0"]
[Round "6"]
[TimeControl "180+2"]
[Date "2023.06.27"]
[WhiteClock "0:02:37"]
[BlackClock "0:01:51"]
[Board "97"]

1. c4 Nf6 2. Nf3 g6 3. Nc3 Bg7 4. e4 O-O 5. d4 d6 6. Be2 e5 7. O-O Na6 8. Re1 Qe7 9. Bg5 c6 10. c5 exd4 11. cxd6 Qe6 12. Nxd4 Qxd6 13. Bxa6 bxa6 14. e5 1-0


[Site "https://www.chess.com"]

[Event "Titled Tuesday Blitz June 27 Early 2023"]
[White "Nouri, Alekhine"]
[Black "Liu, Casper"]
[WhiteFideId "5216184"]
[BlackFideId "1454153"]
[WhiteElo "2687"]
[BlackElo "2520"]
[Result "1-0"]
[Round "6"]
[TimeControl "180+2"]
[Date "2023.06.27"]
[WhiteClock "0:02:52"]
[BlackClock "0:02:18"]
[Board "98"]

1. e4 d6 2. d4 g6 3. Nc3 Bg7 4. Be3 a6 5. Qd2 b5 6. O-O-O Bb7 7. f3 Nd7 8. h4 c5 9. Nh3 Qa5 10. Kb1 h5 11. Ng5 Nb6 12. dxc5 Bxc3 13. bxc3 Na4 14. cxd6 Nxc3+ 15. Qxc3 Qxc3 16. d7+ Kf8 17. d8=Q+ Rxd8 18. Rxd8+ Kg7 19. Bd4+ 1-0


[Site "https://www.chess.com"]

[Event "Titled Tuesday Blitz June 27 Early 2023"]
[White "Karttunen, Mika"]
[Black "Gogolev, Artem"]
[WhiteFideId "502081"]
[BlackFideId "4116615"]
[WhiteElo "2650"]
[BlackElo "2517"]
[Result "1-0"]
[Round "6"]
[TimeControl "180+2"]
[Date "2023.06.27"]
[WhiteClock "0:00:16"]
[BlackClock "0:00:00"]
[Board "99"]

1. d4 Nf6 2. c4 d6 3. Nf3 g6 4. Nc3 Bf5 5. Nh4 Bd7 6. g3 e5 7. d5 Bg7 8. Bg2 O-O 9. O-O Ne8 10. Nf3 h6 11. e4 a5 12. Ne1 f5 13. Nd3 Na6 14. exf5 gxf5 15. f4 e4 16. Nf2 Nf6 17. Be3 c6 18. dxc6 Bxc6 19. Ne2 Nc5 20. Nd4 Qd7 21. Bh3 Ng4 22. Nxg4 fxg4 23. Bxg4 Qe7 24. Nf5 Qf7 25. Nxd6 Qg6 26. Bxc5 Rfd8 27. Bf5 Qf6 28. Bh3 e3 29. Bg2 Bxg2 30. Kxg2 Qxb2+ 31. Kf3 b6 32. Rb1 Qxh2 33. Qd5+ Kh8 34. Ba3 e2 35. Rf2 Qh3 36. Rxe2 Rf8 37. Nf7+ Rxf7 38. Qxf7 Rf8 39. Qg6 Rd8 40. Re8+ Rxe8 41. Qxe8+ Kh7 42. Qe4+ Kh8 43. Qd5 Qh2 44. Bd6 Qc2 45. Re1 Qc3+ 46. Re3 1-0


[Site "https://www.chess.com"]

[Event "Titled Tuesday Blitz June 27 Early 2023"]
[White "Bagwe Gaurang"]
[Black "Weishaeutel, Moritz"]
[WhiteFideId "45039895"]
[BlackFideId "12967300"]
[WhiteElo "2511"]
[BlackElo "2645"]
[Result "0-1"]
[Round "6"]
[TimeControl "180+2"]
[Date "2023.06.27"]
[WhiteClock "0:00:00"]
[BlackClock "0:00:04"]
[Board "100"]

1. c4 g6 2. e4 Bg7 3. g3 c5 4. Bg2 Nc6 5. Ne2 e6 6. d3 Nge7 7. Nbc3 O-O 8. O-O d6 9. h3 a6 10. a4 Rb8 11. Kh2 b6 12. Bd2 Bb7 13. Qc1 Nb4 14. Qb1 d5 15. Bg5 h6 16. Bxe7 Qxe7 17. a5 dxc4 18. dxc4 bxa5 19. Rxa5 Nc6 20. Ra4 Nd4 21. Rd1 Bc6 22. Ra2 Qb7 23. Qc1 Nxe2 24. Nxe2 Bxe4 25. Nf4 Bxg2 26. Nxg2 Kh7 27. Qf4 Qb3 28. Raa1 Rb4 29. Ne3 Qxb2 30. Rxa6 Bd4 31. Ng4 h5 32. Rxd4 Qxd4 33. Qh6+ Kg8 34. Rd6 Qg7 35. Qxg7+ Kxg7 36. Ne5 Rb2 37. Kg2 Re2 38. Nd3 Rd2 39. Kf3 Rc2 40. Ne5 Rb8 41. Rd7 Rf8 42. g4 hxg4+ 43. hxg4 Kf6 44. Nd3 Rxc4 45. Ke3 Rd4 46. Rc7 Rxg4 47. Nxc5 Kg7 48. Nxe6+ Kg8 49. Nxf8 Kxf8 50. Rc8+ Kg7 51. Kf3 Rg5 52. Rc7 Rf5+ 53. Kg2 Rf6 54. Ra7 Re6 55. Rb7 Kf6 56. Ra7 Re7 57. Ra6+ Kf5 58. Ra5+ Re5 59. Ra4 f6 60. f3 g5 61. Kg3 Re3 62. Ra5+ Kg6 63. Rb5 Re6 64. Ra5 f5 65. Rb5 Ra6 66. Rc5 Ra1 67. Rc6+ Kh5 68. Rc8 f4+ 69. Kh3 Rh1+ 70. Kg2 Ra1 71. Rh8+ Kg6 72. Rg8+ Kf6 73. Rf8+ Kg7 74. Rf5 Kg6 75. Rf8 Ra3 76. Rg8+ Kf6 77. Rf8+ Kg7 78. Rb8 Kg6 79. Rg8+ Kf5 80. Rf8+ Ke5 81. Rg8 Kd4 82. Rxg5 Ra2+ 83. Kf1 Ke3 84. Rb5 Ra3 85. Rb1 Kxf3 86. Rd1 Kg3 87. Kg1 f3 88. Kh1 Ra2 89. Rg1+ Kh3 90. Rf1 Rh2+ 91. Kg1 Rg2+ 92. Kh1 f2 93. Ra1 Rg3 94. Rf1 Rf3 95. Rg1 fxg1=Q+ 96. Kxg1 Kg3 0-1


[Site "https://www.chess.com"]

[Event "Titled Tuesday Blitz June 27 Early 2023"]
[White "Erzhanov, Arman"]
[Black "Florescu, Codrut-Constantin"]
[WhiteFideId "4138821"]
[BlackFideId "1202200"]
[WhiteElo "2503"]
[BlackElo "2638"]
[Result "0-1"]
[Round "6"]
[TimeControl "180+2"]
[Date "2023.06.27"]
[WhiteClock "0:00:00"]
[BlackClock "0:00:22"]
[Board "101"]

1. e4 c5 2. Nf3 e6 3. b3 a6 4. Bb2 Nc6 5. g3 d5 6. exd5 exd5 7. Bg2 Nf6 8. O-O d4 9. c3 Be7 10. cxd4 cxd4 11. Na3 O-O 12. Nc2 Bc5 13. d3 h6 14. Re1 Bf5 15. Ne5 Qd6 16. Nxc6 bxc6 17. Qf3 Bd7 18. Qf4 Qxf4 19. gxf4 Bd6 20. Nxd4 Bxf4 21. Nxc6 Kh8 22. Nb4 a5 23. Bxa8 Rxa8 24. Nc2 Nd5 25. Ne3 Nb4 26. Red1 f6 27. a3 Nc6 28. Bc3 Bd6 29. b4 axb4 30. axb4 Rb8 31. Rdb1 Rb5 32. Nc4 Rg5+ 33. Kf1 Bxh2 34. b5 Bh3+ 35. Ke2 Ne7 36. b6 Nd5 37. Bd2 Rf5 38. Be3 Nc3+ 39. Kd2 Nxb1+ 40. Rxb1 Bg2 41. Ra1 Rb5 42. Kc2 Kh7 43. Rb1 Rxb1 44. Kxb1 g5 45. Na5 Kg6 46. Kc2 f5 47. b7 Bc7 48. Ba7 f4 49. b8=Q Bxb8 50. Bxb8 h5 51. Kd2 h4 52. Nc4 h3 53. Ne5+ Kf5 0-1


[Site "https://www.chess.com"]

[Event "Titled Tuesday Blitz June 27 Early 2023"]
[White "Lee, Qing Aun"]
[Black "Shuvalov, Evgenij"]
[WhiteFideId "5804167"]
[BlackFideId "4187237"]
[WhiteElo "2634"]
[BlackElo "2496"]
[Result "0-1"]
[Round "6"]
[TimeControl "180+2"]
[Date "2023.06.27"]
[WhiteClock "0:00:29"]
[BlackClock "0:00:05"]
[Board "102"]

1. d4 Nf6 2. Nc3 e6 3. Bf4 a6 4. e3 d5 5. g4 c5 6. g5 Nfd7 7. Qf3 Nc6 8. O-O-O b5 9. h4 Bb7 10. Bh3 Qa5 11. Kb1 Rc8 12. h5 cxd4 13. exd4 Nb4 14. Nge2 Nxc2 15. g6 hxg6 16. hxg6 f5 17. Kxc2 b4 18. Qe3 Rc6 19. Bxf5 Rxh1 20. Rxh1 bxc3 21. Bxe6 cxb2+ 22. Kb1 Kd8 23. Bf7 Nf6 24. Rh8 Qe1+ 25. Kxb2 Rb6+ 26. Kc2 Qb1+ 27. Kc3 Ne4+ 28. Qxe4 Qb2+ 29. Kd3 dxe4+ 30. Kc4 Rc6+ 31. Kd5 Rc2+ 32. Ke6 Qxa2+ 33. Kf5 Bc8+ 34. Kg5 Qa5+ 35. Be5 Rxe2 36. Rxf8+ Kd7 37. Be8+ Ke7 38. Rg8 Be6 39. Rh8 Rxf2 40. Bc6 Rf5+ 41. Kg4 Rxe5+ 42. Kf4 Rf5+ 43. Kxe4 Qe1+ 44. Kd3 Qd1+ 45. Kc3 Qb3+ 46. Kd2 Rf2+ 0-1


[Site "https://www.chess.com"]

[Event "Titled Tuesday Blitz June 27 Early 2023"]
[White "Jia, Haoxiang"]
[Black "Devaev, Alexander"]
[WhiteFideId "8602999"]
[BlackFideId "4169395"]
[WhiteElo "2628"]
[BlackElo "2494"]
[Result "1-0"]
[Round "6"]
[TimeControl "180+2"]
[Date "2023.06.27"]
[WhiteClock "0:00:25"]
[BlackClock "0:00:00"]
[Board "103"]

1. e4 c6 2. d4 d5 3. e5 Bf5 4. Nf3 e6 5. Be2 a6 6. O-O Nd7 7. c4 h6 8. Be3 Ne7 9. Nc3 Bg4 10. Ne1 Bxe2 11. Qxe2 dxc4 12. Qxc4 Nd5 13. Nxd5 cxd5 14. Qa4 b5 15. Qb3 Nb6 16. a4 Nxa4 17. Nd3 Be7 18. Rfc1 O-O 19. Bd2 Qb8 20. Nb4 Bxb4 21. Bxb4 Rc8 22. Bd6 Qb7 23. h4 Nb6 24. h5 Rxc1+ 25. Rxc1 Rc8 26. Bc5 Nd7 27. Qa3 Nb6 28. b4 Nc4 29. Qg3 a5 30. bxa5 Nxa5 31. Rb1 Nc4 32. Qc3 Qc6 33. f4 Ra8 34. Qb4 Rb8 35. Ra1 Ne3 36. Ra7 Nf5 37. g4 Ne3 38. g5 hxg5 39. fxg5 Nc4 40. g6 fxg6 41. hxg6 Qe8 42. Qb1 Ne3 43. Re7 Qc8 44. Rf7 Nf5 45. Qb3 Nh6 46. Re7 b4 47. Kg2 Nf5 48. Rf7 Rb7 49. Rf8+ Qxf8 50. Bxf8 Kxf8 51. Qa4 Ne7 52. Qa8+ 1-0


[Site "https://www.chess.com"]

[Event "Titled Tuesday Blitz June 27 Early 2023"]
[White "Koutsin, Sergey"]
[Black "Jaskolka, Tomasz"]
[WhiteFideId "14101483"]
[BlackFideId "1170791"]
[WhiteElo "2493"]
[BlackElo "2615"]
[Result "0-1"]
[Round "6"]
[TimeControl "180+2"]
[Date "2023.06.27"]
[WhiteClock "0:00:00"]
[BlackClock "0:00:06"]
[Board "104"]

1. d4 d5 2. c4 e5 3. dxe5 d4 4. Nf3 Nc6 5. a3 a5 6. b3 f6 7. exf6 Nxf6 8. Bb2 Bc5 9. g3 O-O 10. Bg2 Bg4 11. O-O Qd7 12. Nbd2 Rae8 13. b4 axb4 14. axb4 Bxb4 15. Nb3 Bc3 16. Bxc3 dxc3 17. Qc2 Bf5 18. Qxc3 Rxe2 19. Nfd4 Nxd4 20. Nxd4 Ne4 21. Bxe4 Rxe4 22. Nxf5 Qxf5 23. Ra5 Qe6 24. Rd5 c6 25. Rd4 Qf6 26. Rd3 Qe6 27. Rd4 Re2 28. Qd3 Ra2 29. Rd7 Ra4 30. c5 Rc4 31. Rxb7 Rxc5 32. Qd7 Qf6 33. Qe7 Qd4 34. Rd7 Rd5 35. Rc7 c5 36. Qe6+ Kh8 37. Rc8 Rdd8 38. Rxd8 Qxd8 39. Qc4 Qd6 40. Rc1 Rc8 41. Rc2 h6 42. Kg2 Qc6+ 43. f3 Rd8 44. h4 Rd1 45. Re2 Rd8 0-1


[Site "https://www.chess.com"]

[Event "Titled Tuesday Blitz June 27 Early 2023"]
[White "Baches Garcia, Guillermo"]
[Black "ATM622"]
[WhiteFideId "2209764"]
[WhiteElo "2484"]
[BlackElo "2605"]
[Result "1/2-1/2"]
[Round "6"]
[TimeControl "180+2"]
[Date "2023.06.27"]
[WhiteClock "0:00:37"]
[BlackClock "0:01:09"]
[Board "105"]

1. e4 c6 2. d4 d5 3. e5 c5 4. Nf3 e6 5. dxc5 Bxc5 6. Bd3 Nc6 7. O-O Nge7 8. Nbd2 Ng6 9. Nb3 Bb6 10. Re1 Bc7 11. Bxg6 hxg6 12. Nbd4 Ne7 13. Bg5 Qd7 14. c3 Nf5 15. Qd2 b6 16. Rad1 Bb7 17. g3 Bd8 18. h4 Bc7 19. Kg2 O-O 20. Nxf5 gxf5 21. Nd4 Rae8 22. Bf6 gxf6 23. Qh6 Bxe5 24. Rxe5 fxe5 25. Qg5+ Kh7 26. Qh5+ Kg8 27. Qg5+ Kh7 28. Qh5+ Kg8 29. Qg5+ 1/2-1/2


[Site "https://www.chess.com"]

[Event "Titled Tuesday Blitz June 27 Early 2023"]
[White "Domingo Nunez, Alejandro"]
[Black "Jovic, Stanoje"]
[WhiteFideId "22245561"]
[BlackFideId "905020"]
[WhiteElo "2597"]
[BlackElo "2479"]
[Result "0-1"]
[Round "6"]
[TimeControl "180+2"]
[Date "2023.06.27"]
[WhiteClock "0:00:00"]
[BlackClock "0:00:42"]
[Board "106"]

1. Nf3 Nf6 2. g3 c5 3. Bg2 d5 4. O-O Nc6 5. d4 Bg4 6. Ne5 cxd4 7. Nxg4 Nxg4 8. e3 Nf6 9. exd4 e6 10. Re1 Be7 11. c3 O-O 12. Bf4 a5 13. a4 Qb6 14. Qe2 Rfe8 15. Na3 Bxa3 16. Rxa3 Qa6 17. Qb5 Rec8 18. Rea1 Nd7 19. Bf1 Qa7 20. Rb3 b6 21. Bd6 h6 22. h4 Nd8 23. Qe2 Rc6 24. Ba3 Nb7 25. Qg4 Nd6 26. Bxd6 Rxd6 27. Bb5 Nf6 28. Qf4 Qc7 29. Re1 Kf8 30. Ra3 Ra7 31. Raa1 Rd8 32. Rad1 Qxf4 33. gxf4 Ne4 34. Kg2 Nd6 35. Bd3 g6 36. Kf3 h5 37. Re5 Kg7 38. Rg1 Kf6 39. Reg5 Rb7 0-1


[Site "https://www.chess.com"]

[Event "Titled Tuesday Blitz June 27 Early 2023"]
[White "Morgunov, Anatoly"]
[Black "Ingebretsen, Jens E"]
[WhiteFideId "4145909"]
[BlackFideId "1522965"]
[WhiteElo "2458"]
[BlackElo "2596"]
[Result "1-0"]
[Round "6"]
[TimeControl "180+2"]
[Date "2023.06.27"]
[WhiteClock "0:00:34"]
[BlackClock "0:00:48"]
[Board "107"]

1. d4 Nf6 2. c4 e6 3. g3 d5 4. Bg2 Bb4+ 5. Bd2 Be7 6. Nf3 O-O 7. O-O c6 8. Qc2 b6 9. Rd1 Bb7 10. Bf4 Nbd7 11. Ne5 Nxe5 12. dxe5 Nd7 13. cxd5 cxd5 14. e4 Rc8 15. Nc3 dxe4 16. Bxe4 Bxe4 17. Qxe4 Qc7 18. Rac1 Nc5 19. Qf3 Qb7 20. Qxb7 Nxb7 21. Rd7 g5 22. Rxe7 gxf4 23. Rxb7 fxg3 24. hxg3 Rc5 25. f4 Ra8 26. Rd1 a5 27. Rdd7 Rf8 28. Rbc7 Kg7 29. Rxc5 bxc5 30. Kf2 c4 31. Rd2 Kg6 32. Kf3 h5 33. Ne4 Rh8 34. Rc2 h4 35. g4 h3 36. Rh2 Rc8 37. Rxh3 Rb8 38. Rh2 Rd8 39. Nd6 f6 40. Ke4 fxe5 41. Kxe5 Rf8 42. Rc2 Rb8 43. Nxc4 a4 44. a3 Rc8 45. f5+ Kg5 46. fxe6 Rc5+ 47. Kd6 Rb5 48. e7 Rb8 49. Kd7 Rb7+ 50. Ke6 Rb6+ 51. Nxb6 Kh6 52. e8=Q Kh7 53. Qf7+ Kh8 54. Rh2# 1-0


[Site "https://www.chess.com"]

[Event "Titled Tuesday Blitz June 27 Early 2023"]
[White "De La Villa Garcia, Jesus Maria"]
[Black "whiteglovethief"]
[WhiteFideId "2200040"]
[WhiteElo "2593"]
[BlackElo "2450"]
[Result "1-0"]
[Round "6"]
[TimeControl "180+2"]
[Date "2023.06.27"]
[WhiteClock "0:01:46"]
[BlackClock "0:00:56"]
[Board "108"]

1. c4 Nf6 2. Nc3 g6 3. Nf3 d6 4. d4 Bg7 5. g3 O-O 6. Bg2 c5 7. O-O cxd4 8. Nxd4 Nc6 9. Nxc6 bxc6 10. Bxc6 Rb8 11. Bg2 Be6 12. b3 Nd7 13. Bb2 Bxc4 14. Qd2 Be6 15. Rac1 Qa5 16. Rfd1 Qh5 17. Nd5 Bxd5 18. Bxg7 Kxg7 19. Bxd5 Nf6 20. Bf3 Qe5 21. Rc7 a5 22. Qd4 Qxd4 23. Rxd4 Rfe8 24. Ra4 Rb5 25. Ra7 d5 26. R4xa5 Rxa5 27. Rxa5 Rd8 28. b4 e5 29. e3 e4 30. Be2 d4 31. exd4 Rxd4 32. b5 Rd2 33. Bf1 Ng4 34. b6 Rd8 35. b7 Rb8 36. Ba6 e3 37. fxe3 Nxe3 38. Rc5 1-0


[Site "https://www.chess.com"]

[Event "Titled Tuesday Blitz June 27 Early 2023"]
[White "Poormosavi, Seyed Kian"]
[Black "Zheenbekov, Nurgazy"]
[WhiteFideId "12585807"]
[BlackFideId "13800485"]
[WhiteElo "2589"]
[BlackElo "2441"]
[Result "0-1"]
[Round "6"]
[TimeControl "180+2"]
[Date "2023.06.27"]
[WhiteClock "0:00:13"]
[BlackClock "0:00:17"]
[Board "109"]

1. Nf3 d5 2. g3 Nf6 3. Bg2 g6 4. O-O Bg7 5. d4 O-O 6. c3 c6 7. Bf4 Bf5 8. Nbd2 Nbd7 9. Re1 Ne4 10. h3 h5 11. a4 Nxd2 12. Qxd2 Be4 13. Bh6 Re8 14. Bxg7 Kxg7 15. Nh4 Bxg2 16. Nxg2 e5 17. e3 e4 18. a5 Nf8 19. c4 Ne6 20. Rec1 Ng5 21. Ne1 Nxh3+ 22. Kg2 Ng5 23. cxd5 cxd5 24. Qe2 Qd7 25. Kg1 Rh8 26. Rc5 h4 27. Rac1 hxg3 28. fxg3 Rh3 29. Qg2 Rah8 30. Rc7 Rh1+ 31. Qxh1 Rxh1+ 32. Kxh1 Qh3+ 33. Kg1 Qxg3+ 34. Kf1 Nh3 35. R1c2 Qxe3 36. Rxb7 Qf4+ 37. Ke2 Qg4+ 38. Kd2 Nf4 39. Rcc7 Qe2+ 40. Kc3 Qxe1+ 41. Kb3 Nd3 42. Rxf7+ Kh6 43. Ka4 Qa1+ 44. Kb5 Qxb2+ 45. Ka6 Qxd4 46. Rxa7 Qb4 47. Rae7 Nc5+ 48. Ka7 Qxa5+ 49. Kb8 Qb6+ 50. Kc8 Qc6+ 51. Kd8 Ne6+ 52. Rxe6 Qxe6 0-1


[Site "https://www.chess.com"]

[Event "Titled Tuesday Blitz June 27 Early 2023"]
[White "Mortazavi, Ali"]
[Black "Koepke, Christian"]
[WhiteFideId "401323"]
[BlackFideId "4655737"]
[WhiteElo "2577"]
[BlackElo "2418"]
[Result "0-1"]
[Round "6"]
[TimeControl "180+2"]
[Date "2023.06.27"]
[WhiteClock "0:00:09"]
[BlackClock "0:00:26"]
[Board "110"]

1. Nf3 d5 2. g3 Bg4 3. Bg2 Nc6 4. O-O e5 5. d3 Nf6 6. c4 dxc4 7. Qa4 Bd6 8. Qxc4 O-O 9. Nc3 a6 10. a3 Qd7 11. Rd1 Bh3 12. Bh1 Rfe8 13. b4 Rad8 14. Bg5 Be7 15. Bxf6 Bxf6 16. Ne4 Re6 17. Nc5 Qd6 18. Nxe6 Bxe6 19. Qc2 Bd5 20. e3 Qe6 21. Nd2 Bxh1 22. Kxh1 e4 23. d4 Re8 24. Kg2 h5 25. Qc5 h4 26. d5 h3+ 27. Kg1 Qg4 28. dxc6 Bxa1 29. Rxa1 Rd8 30. cxb7 Rxd2 31. b8=Q+ Kh7 32. Qcf8 Qd1+ 0-1


[Site "https://www.chess.com"]

[Event "Titled Tuesday Blitz June 27 Early 2023"]
[White "profedechess93"]
[Black "Molina Carretero, Daniel"]
[BlackFideId "32071914"]
[WhiteElo "2572"]
[BlackElo "2414"]
[Result "1-0"]
[Round "6"]
[TimeControl "180+2"]
[Date "2023.06.27"]
[WhiteClock "0:00:35"]
[BlackClock "0:00:01"]
[Board "111"]

1. e4 c5 2. Nf3 d6 3. Bb5+ Bd7 4. Bxd7+ Qxd7 5. O-O Nc6 6. Re1 Nf6 7. c3 e6 8. d4 d5 9. Ne5 Nxe5 10. dxe5 Nxe4 11. f3 Nd6 12. exd6 Bxd6 13. Nd2 O-O 14. Nf1 f5 15. f4 Rae8 16. Ng3 Qf7 17. Qf3 h6 18. Bd2 Kh7 19. Re2 Rg8 20. h4 g6 21. Rae1 Qf6 22. h5 gxh5 23. Nxh5 Qf7 24. g3 Rg4 25. Rh2 Reg8 26. Ree2 Qxh5 27. Rxh5 Rxg3+ 28. Qg2 Rxg2+ 29. Rxg2 Rxg2+ 30. Kxg2 Kg6 31. Rh3 b5 32. Kf3 a5 33. Rg3+ Kf7 34. Rg1 c4 35. Be3 e5 36. fxe5 Bxe5 37. Bd4 Bxd4 38. cxd4 b4 39. Kf4 Kf6 40. Rh1 Kg6 41. Ke5 a4 42. Kxd5 c3 43. bxc3 bxc3 44. Kc4 c2 45. Kc3 1-0


[Site "https://www.chess.com"]

[Event "Titled Tuesday Blitz June 27 Early 2023"]
[White "Nozdrachev, Leonid"]
[Black "Kuznetsov, Mikhail"]
[WhiteFideId "24113433"]
[BlackFideId "4117190"]
[WhiteElo "2571"]
[BlackElo "2405"]
[Result "1-0"]
[Round "6"]
[TimeControl "180+2"]
[Date "2023.06.27"]
[WhiteClock "0:00:53"]
[BlackClock "0:01:10"]
[Board "112"]

1. d4 Nf6 2. Nc3 d5 3. Bf4 a6 4. e4 Nxe4 5. Nxe4 dxe4 6. f3 exf3 7. Nxf3 Bg4 8. h3 Bxf3 9. Qxf3 e6 10. Qxb7 Qd5 11. Qxd5 exd5 12. Bxc7 Nc6 13. c3 Kd7 14. Bf4 Bd6 15. Bxd6 Kxd6 16. Kd2 a5 17. a4 Rab8 18. Kc2 Rhc8 19. Rd1 Rb6 20. Be2 Rcb8 21. Rb1 Rc8 22. Rhd1 f5 23. Kd3 Rb3 24. Kd2 Rb6 25. Bb5 Na7 26. Bd3 g6 27. b4 Nc6 28. b5 Nd8 29. Rbc1 Rb7 30. c4 dxc4 31. Rxc4 Rxc4 32. Bxc4 Rc7 33. Kd3 Nb7 34. Re1 Kd7 35. b6 Rc8 36. Be6+ 1-0


[Site "https://www.chess.com"]

[Event "Titled Tuesday Blitz June 27 Early 2023"]
[White "Glavina, Pablo"]
[Black "Alinasab, Mobina"]
[WhiteFideId "100234"]
[BlackFideId "12528897"]
[WhiteElo "2380"]
[BlackElo "2559"]
[Result "0-1"]
[Round "6"]
[TimeControl "180+2"]
[Date "2023.06.27"]
[WhiteClock "0:00:24"]
[BlackClock "0:01:06"]
[Board "113"]

1. c4 Nf6 2. Nc3 c5 3. Nf3 e6 4. g3 b6 5. Bg2 Bb7 6. O-O Be7 7. Re1 d6 8. e4 a6 9. d4 cxd4 10. Nxd4 Qc7 11. Be3 Nbd7 12. Rc1 O-O 13. f4 Rac8 14. g4 g6 15. g5 Nh5 16. Bh3 Nc5 17. Qc2 Qd8 18. Qg2 Nd3 19. Bg4 Ng7 20. Nf3 Nxe1 21. Rxe1 Rxc4 22. Bd4 f6 23. Qh3 Bc8 24. Rd1 fxg5 25. Qh6 Rxd4 26. Nxd4 Rxf4 27. Nc6 Qe8 28. Nd5 Rxg4+ 0-1


[Site "https://www.chess.com"]

[Event "Titled Tuesday Blitz June 27 Early 2023"]
[White "Perez, Maximiliano"]
[Black "Romero Ruscalleda, Josep"]
[WhiteFideId "117234"]
[BlackFideId "2231859"]
[WhiteElo "2556"]
[BlackElo "2362"]
[Result "1-0"]
[Round "6"]
[TimeControl "180+2"]
[Date "2023.06.27"]
[WhiteClock "0:00:58"]
[BlackClock "0:00:19"]
[Board "114"]

1. e4 g6 2. d4 Bg7 3. Nc3 d6 4. Be3 a6 5. h4 h5 6. Nh3 Bxh3 7. Rxh3 b5 8. Qd2 Nd7 9. a4 b4 10. Nd5 a5 11. c3 bxc3 12. bxc3 Ngf6 13. Nxf6+ Nxf6 14. f3 O-O 15. Bb5 Qc8 16. Kf2 c6 17. Bd3 Rb8 18. Rhh1 Nd7 19. Rhb1 Qc7 20. c4 c5 21. Be2 cxd4 22. Bxd4 Bxd4+ 23. Qxd4 Qc5 24. Qxc5 Nxc5 25. Rb5 Rxb5 26. axb5 a4 27. Bd1 Ra8 28. Ra3 Kf8 29. Ke3 Kg7 30. Kd4 Kf6 31. g3 g5 32. hxg5+ Kxg5 33. f4+ Kg6 34. Bc2 Kh6 35. Kd5 Rc8 36. Ra2 Rg8 37. Ra3 Rc8 38. e5 dxe5 39. fxe5 e6+ 40. Kd4 Kg5 41. Bxa4 Nd7 42. Bc2 f6 43. exf6 Kxf6 44. Ra7 e5+ 45. Kc3 Nb6 46. Ra6 Rxc4+ 47. Kb3 Rg4 48. Rxb6+ Kg5 49. Rg6# 1-0


[Site "https://www.chess.com"]

[Event "Titled Tuesday Blitz June 27 Early 2023"]
[White "Krutko, Anatoly"]
[Black "Mayaud, Raphael"]
[WhiteFideId "4185862"]
[BlackFideId "627151"]
[WhiteElo "2553"]
[BlackElo "2344"]
[Result "1-0"]
[Round "6"]
[TimeControl "180+2"]
[Date "2023.06.27"]
[WhiteClock "0:00:04"]
[BlackClock "0:00:00"]
[Board "115"]

1. d4 Nf6 2. c4 c5 3. d5 b5 4. Qc2 b4 5. e4 d6 6. Nf3 g6 7. e5 dxe5 8. Nxe5 Bg7 9. Nf3 O-O 10. Bd3 Nbd7 11. O-O Ng4 12. Nbd2 Nge5 13. Nxe5 Nxe5 14. Nb3 Nxd3 15. Qxd3 Bf5 16. Qe3 Rc8 17. Re1 Re8 18. Qg3 a5 19. a4 Bc2 20. Bd2 Bxb2 21. Ra2 Bxb3 22. Qxb3 Bd4 23. Be3 e5 24. Bxd4 exd4 25. Rae2 Rxe2 26. Rxe2 Qd7 27. h4 Re8 28. Qh3 Qd8 29. Rxe8+ Qxe8 30. d6 Qe1+ 31. Kh2 Qe5+ 32. g3 Qxd6 33. h5 gxh5 34. Qxh5 h6 35. Qg4+ Kh7 36. Qf5+ Qg6 37. Qxc5 d3 38. Qd4 Qf5 39. c5 Kg6 40. c6 f6 41. c7 Qh5+ 42. Kg2 Qf5 43. Qd8 d2 44. Qxd2 Qe4+ 45. Kh2 Qc6 46. Qd8 Qf3 47. Kg1 1-0


[Site "https://www.chess.com"]

[Event "Titled Tuesday Blitz June 27 Early 2023"]
[White "Adla, Diego"]
[Black "Acikel, Mert"]
[WhiteFideId "100072"]
[BlackFideId "12956465"]
[WhiteElo "2551"]
[BlackElo "2295"]
[Result "0-1"]
[Round "6"]
[TimeControl "180+2"]
[Date "2023.06.27"]
[WhiteClock "0:00:07"]
[BlackClock "0:00:14"]
[Board "116"]

1. c4 e6 2. g3 d5 3. Bg2 Nf6 4. Nf3 Be7 5. O-O O-O 6. d4 dxc4 7. Qc2 b5 8. a4 Bb7 9. axb5 a6 10. Nc3 axb5 11. Rxa8 Bxa8 12. Nxb5 Bd5 13. Bf4 c5 14. Rd1 Qa5 15. Na3 Qb4 16. Bd2 Qb3 17. Ne5 cxd4 18. Nexc4 Qxc2 19. Nxc2 Bxc4 20. Nxd4 Rd8 21. e3 e5 22. Rc1 Bd5 23. Nf5 Bf8 24. Bc3 Bxg2 25. Kxg2 Nbd7 26. Rd1 Re8 27. Nd6 Bxd6 28. Rxd6 h6 29. Kf3 Nc5 30. Rd5 e4+ 31. Ke2 Nd3 32. Rd6 Re6 33. Rd8+ Kh7 34. f4 Rb6 35. Bd4 Rc6 36. Kd2 Nc5 37. Bc3 Ne6 38. Rb8 Nd5 39. Ba5 Nc5 40. Rb5 Nc7 41. Rb4 N7a6 42. Rb5 Kg6 43. g4 f5 44. h3 fxg4 45. hxg4 h5 46. gxh5+ Kxh5 47. b4 Kg4 48. bxc5 Rxc5 49. Rxc5 Nxc5 50. Bc3 g6 51. Bd4 Ne6 52. Be5 Kf3 53. Bd6 Ng7 54. Bc5 Nf5 55. Bb6 Nd6 56. Bd4 Nc4+ 57. Ke1 Nxe3 58. Be5 Nd5 59. f5 gxf5 60. Bd6 f4 61. Bc5 Ne3 62. Bb6 Ng2+ 63. Kf1 e3 64. Ba5 e2+ 65. Kg1 Ne3 66. Bd2 Nc2 67. Bc3 e1=Q+ 68. Bxe1 Nxe1 69. Kf1 Nd3 70. Kg1 Ke2 71. Kh2 f3 72. Kh3 f2 73. Kg4 f1=Q 74. Kg5 Ke3 75. Kg6 Qf4 0-1


[Site "https://www.chess.com"]

[Event "Titled Tuesday Blitz June 27 Early 2023"]
[White "Delorme, Axel"]
[Black "Sariego Figueredo, Wilfredo"]
[WhiteFideId "632023"]
[BlackFideId "3500080"]
[WhiteElo "2539"]
[BlackElo "2223"]
[Result "1-0"]
[Round "6"]
[TimeControl "180+2"]
[Date "2023.06.27"]
[WhiteClock "0:00:08"]
[BlackClock "0:00:00"]
[Board "117"]

1. e4 c5 2. Nf3 a6 3. c3 e6 4. d4 d5 5. exd5 exd5 6. Bf4 Nf6 7. Bd3 c4 8. Bc2 Bd6 9. Qe2+ Be6 10. Bxd6 Qxd6 11. Ng5 O-O 12. Nxe6 fxe6 13. Nd2 Nc6 14. Nf3 Rae8 15. Ne5 Nd7 16. Nxc6 Qxc6 17. O-O e5 18. dxe5 Rxe5 19. Qd2 Nc5 20. Rae1 Rfe8 21. Rxe5 Rxe5 22. Qd4 Re2 23. Rc1 Qe6 24. h4 Nd7 25. Qf4 g6 26. h5 Qe5 27. Qxe5 Rxe5 28. hxg6 hxg6 29. Bxg6 Re2 30. Bc2 Nc5 31. Kf1 Re6 32. Re1 Rxe1+ 33. Kxe1 Kf7 34. Ke2 Kf6 35. Ke3 Ke5 36. f4+ Kf6 37. g3 Ne6 38. f5 Ng5 39. Kd4 Nf3+ 40. Kxd5 Ne5 41. Kd4 b5 42. Be4 Ng4 43. Kc5 Ne5 44. Kb6 1-0


[Site "https://www.chess.com"]